 Dungeon Crawl Stone Soup version 0.18-a0-1808-g3e993bd (webtiles) character file.

23 tyvek the Shield-Bearer (level 3, 29/29 HPs)
             Began as a Formicid Fighter on Apr 26, 2016.
             Quit the game on level 1 of the Dungeon.
             The game lasted 00:00:40 (1128 turns).

tyvek the Shield-Bearer (Formicid Fighter)          Turns: 1128, Time: 00:00:40

Health: 29/29      AC:  6    Str: 21    XL:     3   Next: 10%
Magic:  3/3        EV:  8    Int:  7    God:
Gold:   39         SH:  9    Dex: 10    Spells: 0 memorised, 2 levels left

rFire  . . .     SeeInvis +     a - +0 flail
rCold  . . .     Gourm    .     b - +0 scale mail
rNeg   . . .     Faith    .     c - +0 shield
rPois  .         Spirit   .     (helmet unavailable)
rElec  .         Dismiss  .     (no cloak)
rCorr  .         Reflect  .     (no gloves)
SustAt .         Harm     .     (no boots)
MR     .....                    (no amulet)
Stlth  ..........               (no ring)
                                (no ring)

@: not resistant to hostile enchantments, extremely unstealthy
A: permanent stasis, dig shafts and tunnels, four strong arms, antennae 3
a: Dig, Shaft Self


You were on level 1 of the Dungeon.
You were hungry.

You visited 1 branch of the dungeon, and saw 1 of its levels.

You collected 39 gold pieces.

Inventory:

Hand Weapons
 a - a +0 flail (weapon)
Armour
 b - a +0 scale mail (worn)
 c - a +0 shield (worn)
Jewellery
 j - an uncursed ring of magical power {unknown}
   (You found it on level 1 of the Dungeon)
Scrolls
 e - 3 scrolls of identify {unknown}
 g - 3 scrolls of remove curse {unknown}
 k - a scroll of enchant weapon {unknown}
 l - 2 scrolls of teleportation {unknown}
Potions
 d - a potion of might
 h - 2 potions of curing {unknown}
 i - 3 potions of flight {unknown}
Comestibles
 f - 3 bread rations {@e1}


   Skills:
 + Level 3.5 Fighting
 * Level 2.7 Maces & Flails
 + Level 3.5 Armour
 + Level 3.7 Shields


You had 2 spell levels left.
You didn't know any spells.

Dungeon Overview and Level Annotations

Branches:
Dungeon (1/15)

Altars:


Innate Abilities, Weirdness & Mutations

You are under a permanent stasis effect.
You can dig through walls and to a lower floor.
Your four strong arms can wield two-handed weapons with a shield.
You have a pair of large antennae on your head (SInv).


Message History

You are too injured to fight recklessly!
You barely miss the jackal. The jackal bites you.
You block the jackal's attack.
You take 1 damage, and have 13/24 hp.
You hit the jackal. The jackal barely misses you.
You block the jackal's attack.
You hit the jackal but do no damage.
The jackal bites you but does no damage.
You block the jackal's attack.
You barely miss the jackal. You block the jackal's attack.
The jackal bites you but does no damage.
You sock the jackal!
You kill the jackal!
The jackal bites you but does no damage.
You closely miss the jackal.
The jackal bites you but does no damage.
You block the jackal's attack.
You barely miss the jackal.
The jackal bites you but does no damage. x2
You closely miss the jackal. You block the jackal's attack.
The jackal bites you but does no damage.
You closely miss the jackal.
The jackal bites you but does no damage.
The jackal barely misses you.
You barely miss the jackal. You block the jackal's attack.
The jackal bites you.
You take 1 damage, and have 13/24 hp.
You hit the jackal.
You kill the jackal!
Things that are here:
a jackal corpse x2
Things that are here:
a jackal corpse x2
You butcher the jackal corpse.
m - a chunk of flesh {@w0} You see here a jackal corpse.
You butcher the jackal corpse.
m - 4 chunks of flesh {@w0} (gained 3)
You see here a bat corpse.
You butcher the bat corpse.
m - 5 chunks of flesh {@w0} (gained 1)
You see here a bat skeleton.
You start resting.
You sense a monster nearby.
You regained 3 hp, and now have 17/24 hp.
You start resting.
A worm comes into view.
You regained 4 hp, and now have 21/24 hp.
Your scale mail prevents you from hitting the worm.
The worm bites you.
You take 3 damage, and have 18/24 hp.
Your shield and scale mail prevent you from hitting the worm.
The worm bites you.
You take 2 damage, and have 16/24 hp.
Your shield prevents you from hitting the worm.
Your shield and scale mail prevent you from hitting the worm.
The worm bites you.
You take 3 damage, and have 13/24 hp.
You are too injured to fight recklessly!
You hit the worm. The worm barely misses you.
You barely miss the worm. The worm bites you.
You take 4 damage, and have 9/24 hp.
You sock the worm! You block the worm's attack.
You sock the worm!
You kill the worm!
You have reached level 3!
Your experience leads to an increase in your attributes!
Increase (S)trength, (I)ntelligence, or (D)exterity?
You feel stronger.
You regained 2 hp, and now have 12/29 hp.
MP restored: 3 You see here a worm corpse.
You butcher the worm corpse.
m - 6 chunks of flesh {@w0} (gained 1)
You start resting.
Some of the chunks of flesh in your inventory have rotted away. x2
Health restored: 29
f - 3 bread rations {@e1} (gained 1)
You now have 39 gold pieces (gained 11).
i - 3 murky blue potions (gained 1) All of the chunks of flesh in your inventory have rotted away.
You open the door.
There is an open door here.
You open the door.
You are feeling hungry.
Found a stone staircase leading down.
There is an open door here.
Found an escape hatch in the floor.
l - 2 scrolls labeled KIULEK PEOCRIJI (gained 1)
There is an escape hatch in the floor here.
There is an escape hatch in the floor here.
A giant gecko comes into view.
A giant gecko is nearby!
A giant gecko is nearby!
A giant gecko is nearby!
Your shield and scale mail prevent you from hitting the giant gecko.
You block the giant gecko's attack. x2
You hit the giant gecko.
You kill the giant gecko!
No target in view!

#.# .......#####.#...#### ##.###
###..........#.## .....# {
#.....###......# ####.#
#.#†#.###....#.# #.#
#.#.#..........# ### #.#
#.###.....###.#.#### #.. #.#
#......#..###.#.# #.# #.#
######........#+## #.# #.#
##@######...## #.# ####>####
###.# ##.....## #.# .#......#
##.#.# ##.......###.#
...#.##.#####....###.........##..
...................+.........'...
...#.##.#####....###.........###.
..>..##.# ##.#.# ##.......## #.
##.####.# ###.# ##.....## #.
##......# ###.# ##...## #.


There were no monsters in sight!

Vanquished Creatures
  A worm (D:1)
  A dart slug (D:1)
  2 giant geckos (D:1)
  2 goblins (D:1)
  4 jackals (D:1)
  2 kobolds (D:1)
  A bat (D:1)
  A giant newt (D:1)
  A rat (D:1)
15 creatures vanquished.

Notes
Turn   | Place    | Note
--------------------------------------------------------------
     0 | D:1      | tyvek the Formicid Fighter began the quest for the Orb.
     0 | D:1      | Reached XP level 1. HP: 18/18 MP: 1/1
   331 | D:1      | Reached XP level 2. HP: 21/24 MP: 2/2
   785 | D:1      | Reached XP level 3. HP: 12/29 MP: 3/3
  1128 | D:1      | Quit the game

Vault maps used:
D:1:      mrwooster_arrival_statue_2

Action                   || total
-------------------------++-------
Melee: Flail             ||    63
Armor: Scale mail        ||    36
Dodge: Dodged            ||    18
Block: Shield            ||    38

Vault maps used:
D:1:      mrwooster_arrival_statue_2

Table legend:
 A = Turns spent in this place as a percentage of turns spent in the entire game.
 B = Non-inter-level travel turns spent in this place as a percentage of non-inter-level travel turns spent in the entire game.
 C = Inter-level travel turns spent in this place as a percentage of turns spent in this place.
 D = Turns resting spent in this place as a percentage of non-inter-level travel turns spent in this place.
 E = Turns spent auto-exploring this place as a percentage of non-inter-level travel turns spent in this place.
 F = Non-inter-level travel turns spent in this place divided by the number of levels of this place that you've seen.
                   A       B       C       D       E      F
               +-------+-------+-------+-------+-------+----------------------
         Total | 100.0 | 100.0 |   0.0 |   5.0 |  12.7 | 181.0
       Dungeon | 100.0 | 100.0 |   0.0 |   5.0 |  12.7 | 181.0
               +-------+-------+-------+-------+-------+----------------------

Table legend:
 A = Kills in this place as a percentage of kills in entire the game.
 B = Kills by you in this place as a percentage of kills by you in the entire game.
 C = Kills by friends in this place as a percentage of kills by friends in the entire game.
 D = Other kills in this place as a percentage of other kills in the entire game.
 E = Experience gained in this place as a percentage of experience gained in the entire game.
 F = Experience gained in this place divided by the number of levels of this place that you have seen.
                   A       B       C       D       E      F
               +-------+-------+-------+-------+-------+----------------------
         Total | 100.0 | 100.0 |  -nan |  -nan | 100.0 |  33.0
       Dungeon | 100.0 | 100.0 |  -nan |  -nan | 100.0 |  33.0
               +-------+-------+-------+-------+-------+----------------------
